 Dungeon Crawl Stone Soup version 0.24-a0-769-g368c1644f8 (webtiles) character file.

Game seed: 10813804565115508120, levelgen mode: deterministic

763 Kairok the Sneak (level 7, 0/35 HPs)
             Began as a Vine Stalker Assassin on Oct 6, 2019.
             Succumbed to ARAM's ghost's poison
             ... on level 3 of the Dungeon.
             The game lasted 00:08:40 (3267 turns).

Kairok the Sneak (Vine Stalker Assassin)            Turns: 3267, Time: 00:08:40

Health: 0/35       AC:  9    Str: 19    XL:     7   Next: 81%
Magic:  8/8        EV: 12    Int: 16    God:
Gold:   193        SH:  0    Dex: 22    Spells: 6/6 levels left

rFire    . . .     SeeInvis .   a - +2 dagger
rCold    . . .     Gourm    .   (no shield)
rNeg     . . .     Faith    .   j - +0 ring mail
rPois    +         Spirit   +   (no helmet)
rElec    .         Reflect  .   c - +0 cloak
rCorr    .         Harm     .   A - +0 pair of gloves
MR       .....                  g - +0 pair of boots
Stlth    ++++......             (no amulet)
HPRegen  0.51/turn              h - +3 ring of dexterity
MPRegen  0.11/turn              m - +1 ring of protection

@: mighty, brilliant, lethally poisoned (0 -> -9)
A: fangs 2, thin skeletal structure 1, sense surroundings 1, poison resistance,
regeneration 1, magic shield, antimagic bite, no potion heal 3, rot immunity
a: no special abilities


You were on level 3 of the Dungeon.
You were full.

You visited 1 branch of the dungeon, and saw 4 of its levels.

You collected 193 gold pieces.

Inventory:

Hand Weapons
 a - a +2 dagger (weapon)
Missiles
 d - 5 poisoned darts
 y - a curare-tipped dart (quivered)
Armour
 c - a +0 cloak (worn)
 g - a +0 pair of boots (worn)
 j - a +0 ring mail (worn)
 A - a +0 pair of gloves (worn)
Jewellery
 h - a +3 ring of dexterity (left hand)
 m - a +1 ring of protection (right hand)
 w - an uncursed ring of wizardry
Wands
 e - a wand of clouds (3)
 u - a wand of random effects (17)
 v - a wand of scattershot (3)
 z - a wand of digging (4)
Scrolls
 b - a scroll of identify
 i - 2 scrolls of teleportation
 l - a scroll of fog
 n - 2 scrolls of enchant weapon {unknown}
 q - a scroll of immolation {unknown}
 s - a scroll of remove curse {unknown}
 x - a scroll of random uselessness {unknown}
Potions
 k - a potion of lignification
 o - 2 potions of mutation
Comestibles
 f - 7 rations


   Skills:
 + Level 2.5 Fighting
 + Level 3.7 Short Blades
 + Level 3.2 Throwing
 + Level 2.8 Armour
 + Level 2.4 Dodging
 + Level 7.4 Stealth
 + Level 0.5 Evocations


You had 6 spell levels left.
You didn't know any spells.
Your spell library was empty.

Dungeon Overview and Level Annotations

Branches:
Dungeon (4/15)
 Temple: D:4-7

Altars:
Wu Jian

Annotations:
D:3 1 transporter


Innate Abilities, Weirdness & Mutations

You have extremely sharp teeth.
Your natural rate of healing is unusually fast.
When hurt, damage is shared between your health and your magic reserves.
Your bite disrupts and absorbs the magic of your enemies.
Potions cannot restore your health.
You are immune to rotting.
You have a somewhat thin skeletal structure. (Dex +2, Stealth)
You passively map a small area around you.
Your system is resistant to poisons. (rPois)


Message History

Your Throwing skill increases to level 3!
* * * LOW HITPOINT WARNING * * *
You feel sick.
* * * LOW HITPOINT WARNING * * *
You feel very sick.
The ogre is engulfed in noxious fumes.
The ogre appears confused.
The ogre closely misses you.
Things that are here:
the +3 dire flail of the Firefly {drain, -Tele rN+ Str+5 Dex+2} an ogre corpse
* * * LOW HITPOINT WARNING * * *
You feel sick.
The ogre is engulfed in noxious fumes.
Okay, then.
* * * LOW HITPOINT WARNING * * *
You feel sick.
* * * LOW HITPOINT WARNING * * *
You feel sick.
* * * LOW HITPOINT WARNING * * *
You feel sick.
You die...

#.#### #.......# #..
#.#(########.....# #.#
#.#.#......#.....###.#
#.#.#.#..#.#..#.......
#.#.#..##..##.####...#
#.#.#..##..##.# ###.#
#..©#$#..#.##.### #..
#...#$....©##...## #..
##.©#@#..#.####..###..
##.#..##.O# ##......
#.#..##).# #####.#
#.#.#..#.# #..
#.#.....©# #..
#.######## ###.# ####
##...# #######..#.#
#..........#


There were no monsters in sight!

Vanquished Creatures
  The ghost of ARAM the Slasher, a novice HuGl (D:3)
  Grinder (D:3)
  An ogre (D:3)
  An orc wizard (D:3)
  Ijyb (D:2)
  4 gnolls (D:3)
  6 adders
  An ooze (D:1)
  A worm (D:4)
  A dart slug (D:1)
  2 leopard geckos
  7 orcs
  5 bats
  A giant cockroach (D:1)
  9 goblins
  7 hobgoblins
  12 jackals
  11 kobolds
  A quokka (D:4)
  4 frilled lizards
  A leopard gecko skeleton (D:4)
  10 rats
88 creatures vanquished.

Notes
Turn   | Place    | Note
-------+----------+-------------------------------------------
     0 | D:1      | Kairok the Vine Stalker Assassin began the quest for the
                  | Orb.
     0 | D:1      | Reached XP level 1. HP: 11/11 MP: 2/2
    82 | D:1      | Reached skill level 5 in Stealth
    82 | D:1      | Reached XP level 2. HP: 8/15 MP: 1/3
   510 | D:1      | Reached XP level 3. HP: 8/18 MP: 4/4
   882 | D:1      | Gained mutation: You are frail. (-10% HP) [potion of
                  | mutation]
   882 | D:1      | Gained mutation: You are covered in fur. (AC +1) [potion of
                  | mutation]
   883 | D:1      | Lost mutation: You are frail. (-10% HP) [potion of
                  | mutation]
   883 | D:1      | Lost mutation: You are covered in fur. (AC +1) [potion of
                  | mutation]
   883 | D:1      | Gained mutation: Your system is resistant to poisons.
                  | (rPois) [potion of mutation]
   883 | D:1      | Gained mutation: You passively map a small area around you.
                  | [potion of mutation]
   883 | D:1      | Gained mutation: You have a somewhat thin skeletal
                  | structure. (Dex +2, Stealth) [potion of mutation]
   926 | D:2      | Reached skill level 6 in Stealth
   926 | D:2      | Gained mutation: Your natural rate of healing is unusually
                  | fast. [Vine Stalker growth]
   926 | D:2      | Reached XP level 4. HP: 23/23 MP: 5/5
   988 | D:2      | Reached skill level 1 in Dodging
  1427 | D:3      | Noticed Ijyb
  1493 | D:3      | Noticed Grinder
  1661 | D:3      | Reached XP level 5. HP: 26/26 MP: 4/6
  1730 | D:3      | Reached skill level 1 in Armour
  1934 | D:3      | Found a transporter.
  1934 | D:3      | Noticed ARAM's ghost (novice HuGl)
  1934 | D:3      | Identified the +3 dire flail of the Firefly {drain, -Tele
                  | rN+ Str+5 Dex+2}
  1934 | D:3      | Noticed an ogre
  1935 | D:3      | Noticed an ogre
  1939 | D:3      | Found a transporter.
  2027 | D:3      | Found an ornate altar of the Wu Jian Council.
  2160 | D:3      | Paralysed by Grinder for 4 turns
  2177 | D:3      | Killed Grinder
  2177 | D:3      | Reached skill level 7 in Stealth
  2177 | D:3      | Reached XP level 6. HP: 11/31 MP: 2/7
  2390 | D:2      | Killed Ijyb
  2390 | D:2      | Reached XP level 7. HP: 35/35 MP: 8/8
  3261 | D:3      | Killed ARAM's ghost
  3267 | D:3      | Succumbed to ARAM's ghost's poison

Levels and vault maps discovered:
D:1:      nzn_arrival_depleted_hourglass, layout_basic, minmay_tiny_reverse_x
D:2:      layout_rooms
D:3:      layout_rooms, old_standard_altar, gammafunk_ghost_smash, uniq_grinder,
          uniq_ijyb
D:4:      layout_loops_corners, first_ration

Skill      XL: |  1  2  3  4  5  6  7 |
---------------+----------------------+-----
Fighting       | 2 |  2.5
Stealth        | 5 6 7 |  7.4
Short Blades   | 2 3 |  3.7
Dodging        | 1 2 |  2.4
Throwing       | 2 3 |  3.2
Armour         | 1 2 |  2.8
Evocations     | |  0.5

Action                   |  1- 3 |  4- 6 |  7- 9 || total
-------------------------+-------+-------+-------++-------
Melee: Dagger            |    88 |   129 |    24 ||   241
       Bite              |    29 |    41 |     5 ||    75
Throw: Dart              |     6 |    28 |       ||    34
Evoke: Wand              |       |     2 |     3 ||     5
  Use: Scroll            |     3 |     5 |       ||     8
       Potion            |     2 |       |     3 ||     5
 Stab: Sleeping          |     9 |     5 |     2 ||    16
  Eat: Chunk             |       |     3 |     3 ||     6
       Ration            |       |       |     2 ||     2
Armor: Robe              |     1 |       |       ||     1
       Ring mail         |    34 |    49 |     4 ||    87
Dodge: Dodged            |    52 |    71 |    13 ||   136

Table legend:
 A = Non-vault XP
 B = Vault XP
 C = Vault XP percentage of total XP
 D = Non-vault monster count
 E = Vault monster count
 F = Vault count percentage of total count
                 A         B        C        D         E       F
            +---------+---------+-------+---------+---------+-------
      Total |     318 |     773 |  70.9 |      82 |       6 |   6.8
            +---------+---------+-------+---------+---------+-------
        D:1 |      68 |       3 |   4.2 |      33 |       2 |   5.7
        D:2 |      84 |      35 |  29.4 |      21 |       1 |   4.5
        D:3 |     155 |     735 |  82.6 |      22 |       3 |  12.0
        D:4 |      11 |       0 |   0.0 |       6 |       0 |   0.0
            +---------+---------+-------+---------+---------+-------
